 Dungeon Crawl Stone Soup version 0.19.0-2-gae57169 (console) character file.

89 aaron the Skirmisher (level 4, 0/35 HPs)
             Began as a Demonspawn Wanderer on Nov 5, 2016.
             Was an Initiate of Okawaru.
             Slain by Grinder (7 damage)
             ... while paralysed by Grinder
             ... on level 3 of the Dungeon.
             The game lasted 00:12:56 (1900 turns).

aaron the Skirmisher (Demonspawn Wanderer)          Turns: 1900, Time: 00:12:57

Health: 0/35       AC:  8    Str: 12    XL:     4   Next: 31%
Magic:  7/7        EV:  2    Int: 15    God:    Okawaru [......]
Gold:   156        SH:  0    Dex: 12    Spells: 0 memorised, 9 levels left

rFire  . . .     SeeInvis .     (no weapon)
rCold  . . .     Gourm    .     s - +0 scale mail
rNeg   . . .     Faith    .     (no shield)
rPois  .         Spirit   .     (helmet restricted)
rElec  .         Reflect  .     (no cloak)
rCorr  .         Harm     .     (no gloves)
MR     .....     Rnd*Rage +     (no boots)
Stlth  ..........               (no amulet)
                                (no ring)
                                x - +2 ring of protection

@: paralysed
A: claws 2, horns 1, berserk 1, demonic guardian 1, low mp 1
a: Renounce Religion


You were on level 3 of the Dungeon.
You worshipped Okawaru.
Okawaru was noncommittal.
You were not hungry.

You visited 1 branch of the dungeon, and saw 3 of its levels.

You collected 156 gold pieces.

Inventory:

Hand Weapons
 b - a +2 blowgun
Missiles
 a - 2 curare-tipped needles
 q - 28 bolts
 u - 38 arrows
 w - 27 stones (quivered)
Armour
 d - a +0 robe
 g - a +0 ring mail
 s - a +0 scale mail (worn)
 y - a +0 pair of gloves
Jewellery
 x - a +2 ring of protection (left claw)
Scrolls
 e - a scroll of remove curse {unknown}
 h - 2 scrolls of noise {unknown}
 j - a scroll of amnesia {unknown}
 l - a scroll of teleportation {unknown}
 n - 3 scrolls of identify {unknown}
 r - a scroll of enchant armour {unknown}
 t - a scroll of enchant weapon {unknown}
Potions
 i - a potion of haste {unknown}
 m - a potion of mutation
 o - 2 potions of agility {unknown}
 v - 2 potions of heal wounds
 z - a potion of magic {unknown}
 A - a potion of degeneration {unknown}
Books
 c - Sif Muna's Volume of the Snowflakes

   Spells                             Type                      Level
   a - Throw Frost                    Conjuration/Ice              2
   b - Ensorcelled Hibernation        Hexes/Ice                    2
Comestibles
 f - a bread ration
 k - a chunk of flesh
 p - a meat ration


   Skills:
 + Level 3.2 Fighting
   Level 1.0 Bows
 - Level 1.0 Throwing
 - Level 1.7 Armour
 - Level 3.0 Spellcasting
   Level 1.0 Charms
   Level 1.0 Summonings
   Level 1.0 Evocations


You had 9 spell levels left.
You didn't know any spells.

Dungeon Overview and Level Annotations

Branches:
Dungeon (3/15)

Altars:
Hepliaklqana
Okawaru
Yredelemnul

Annotations:
D:3 Grinder


Innate Abilities, Weirdness & Mutations

You have very sharp fingernails.
A weak demonic guardian rushes to your aid.
You have a pair of small horns on your head.
You tend to lose your temper in combat.
Your magical capacity is low. (-10% MP)


Message History

Grinder hits you.
You writhe in agony.
Your shadow imp misses Grinder.
You scratch Grinder but do no damage. You headbutt Grinder, but do no damage.
Grinder gestures at you. Pain shoots through your body!
Your iron imp hits Grinder!
Your shadow imp hits Grinder.
You scratch Grinder but do no damage.
Grinder is moderately wounded.
Grinder barely misses you.
Your iron imp hits Grinder but does no damage.
Your shadow imp hits Grinder.
A worm comes into view.
You barely miss Grinder.
Grinder is moderately wounded.
Grinder says, "DUCK!"
Grinder gestures at you.
You suddenly lose the ability to move!
Your shadow imp hits Grinder.
Grinder hits you.
* * * LOW HITPOINT WARNING * * *
Your iron imp barely misses Grinder.
Your shadow imp misses Grinder.
Grinder hits you!
You die...

......# #.....#
#..... ..... .
#... ... ##).#
...w.#...#
......5@.#
......55......#
....#.#.......#
...#..##.......
# #. ....... #.
....... .
.####.# .. ..
.#


You could see Grinder, a worm, a friendly iron imp and a friendly shadow imp.

Vanquished Creatures
  Ijyb (D:2)
  An adder (D:2)
  5 dart slugs
  2 leopard geckos
  2 giant cockroaches
  5 hobgoblins
  6 kobolds
  A quokka (D:2)
  A ball python (D:1)
  6 bats
  A frilled lizard (D:2)
  8 goblins
  4 rats
43 creatures vanquished.

Vanquished Creatures (collateral kills)
  A leopard gecko (D:3)
  A goblin (D:3)
2 creatures vanquished.

Grand Total: 45 creatures vanquished

Notes
Turn   | Place    | Note
-------+----------+-------------------------------------------
     0 | D:1      | aaron the Demonspawn Wanderer began the quest for the Orb.
     0 | D:1      | aaron set off with: 2 curare-tipped needles, a +2 blowgun, Sif Muna's Volume of the Snowflakes, a +0 robe, a bread ration
     0 | D:1      | Reached XP level 1. HP: 16/16 MP: 2/2
     0 | D:1      | Identified Sif Muna's Volume of the Snowflakes
    37 | D:1      | Gained mutation: You have a pair of small horns on your head. [potion of mutation]
    37 | D:1      | Gained mutation: You tend to lose your temper in combat. [potion of mutation]
    37 | D:1      | Gained mutation: Your magical capacity is low. (-10% MP) [potion of mutation]
   484 | D:1      | Gained mutation: A weak demonic guardian rushes to your aid. [demonic ancestry]
   484 | D:1      | Reached XP level 2. HP: 22/22 MP: 4/4
   801 | D:1      | Gained mutation: You have sharp fingernails. [demonic ancestry]
   801 | D:1      | Reached XP level 3. HP: 26/27 MP: 6/6
  1036 | D:2      | Found an iron altar of Okawaru.
  1036 | D:2      | Found a hazy altar of Hepliaklqana.
  1044 | D:2      | Became a worshipper of Warmaster Okawaru
  1211 | D:2      | Noticed Ijyb
  1242 | D:2      | Killed Ijyb
  1351 | D:2      | Gained mutation: You have very sharp fingernails. [demonic ancestry]
  1351 | D:2      | Reached XP level 4. HP: 27/34 MP: 7/7
  1488 | D:2      | Found a basalt altar of Yredelemnul.
  1882 | D:3      | Noticed Grinder
  1889 | D:3      | Paralysed by Grinder for 2 turns
  1898 | D:3      | Paralysed by Grinder for 3 turns
  1900 | D:3      | Slain by Grinder

Skill      XL: |  1  2  3  4 |
---------------+-------------+-----
Spellcasting   | 2 3 |  3.0
Fighting       | 3 |  3.2
Bows           | |  1.0
Throwing       | |  1.0
Armour         | |  1.7
Charms         | |  1.0
Summonings     | |  1.0
Evocations     | |  1.0

Action                   |  1- 3 |  4- 6 || total
-------------------------+-------+-------++-------
Melee: Unarmed           |    25 |    40 ||    65
       Headbutt          |    25 |     4 ||    29
       Dagger            |   135 |       ||   135
 Fire: Blowgun           |     1 |       ||     1
  Use: Potion            |     2 |       ||     2
  Eat: Chunk             |     1 |     2 ||     3
Armor: Ring mail         |    53 |       ||    53
       Robe              |     1 |       ||     1
       Scale mail        |    16 |    15 ||    31
Dodge: Dodged            |    63 |    25 ||    88
